 Dungeon Crawl Stone Soup version 0.20.1 (webtiles) character file.

92 polve the Changer (level 4, -7/35 HPs)
             Began as a Draconian Transmuter on July 2, 2017.
             Mangled by polve's ghost (12 damage)
             ... on level 3 of the Dungeon.
             The game lasted 00:02:36 (2769 turns).

polve the Changer (Draconian Transmuter)            Turns: 2769, Time: 00:02:37

Health: -7/35      AC:  5    Str: 12    XL:     4   Next: 35%
Magic:  2/7        EV: 12    Int: 14    God:
Gold:   77         SH:  0    Dex: 12    Spells: 4/7 levels left

rFire    . . .     SeeInvis .     - Unarmed
rCold    + . .     Gourm    .   (no shield)
rNeg     . . .     Faith    .   (armour unavailable)
rPois    .         Spirit   .   (helmet restricted)
rElec    .         Reflect  .   (no cloak)
rCorr    .         Harm     .   (no gloves)
MR       .....                  (no boots)
Stlth    +.........             (no amulet)
Regen    0.2/turn               l - ring of protection from cold
MPRegen  0.1/turn               (no ring)

@: no status effects
A: unfitting armour, cold-blooded, AC +5
a: no special abilities


You were on level 3 of the Dungeon.
You were not hungry.

You visited 1 branch of the dungeon, and saw 3 of its levels.

You collected 77 gold pieces.

Inventory:

Missiles
 a - 71 arrows (quivered)
Jewellery
 l - a ring of protection from cold (left hand)
Scrolls
 e - a scroll of blinking {unknown}
 f - 2 scrolls of enchant armour {unknown}
 i - a scroll of noise {unknown}
 o - a scroll of identify {unknown}
 p - a scroll of teleportation {unknown}
Potions
 d - a potion of magic {unknown}
 j - a potion of agility {unknown}
 k - a potion of flight {unknown}
 m - a potion of curing {unknown}
Books
 b - a book of Changes

   Spells                             Type                      Level
   a - Beastly Appendage              Transmutation                1
   b - Sticks to Snakes               Transmutation                2
   c - Spider Form                    Transmutation/Poison         3
   d - Ice Form                       Ice/Transmutation            4
   e - Blade Hands                    Transmutation                5
Comestibles
 c - 3 bread rations
 g - a royal jelly
 h - 2 fruits
 n - 3 chunks of flesh


   Skills:
 - Level 1.1 Fighting
 - Level 1.7 Dodging
 - Level 3.0 Unarmed Combat
 - Level 2.0 Spellcasting
 + Level 4.6 Transmutations


You had 4 spell levels left.
You knew the following spells:

 Your Spells              Type           Power        Failure   Level  Hunger
a - Beastly Appendage     Tmut           ##....       3%          1    ##.....
b - Sticks to Snakes      Tmut           ##......     5%          2    ###....


Dungeon Overview and Level Annotations

Branches:
Dungeon (3/15)

Altars:
Ru
Sif Muna

Annotations:
D:3 polve's ghost, amateur OgGl


Innate Abilities, Weirdness & Mutations

Your plain brown scales are hard. (AC +5)
You cannot fit into any form of body armour.
You are cold-blooded and may be slowed by cold attacks.


Message History

Your ball python bites polve's ghost but does no damage. x3
Polve's ghost hits you.
* * * LOW HITPOINT WARNING * * *
Your ball python bites polve's ghost but does no damage.
Your ball python closely misses polve's ghost.
Your ball python bites polve's ghost but does no damage.
Polve's ghost hits your ball python!
Your ball python dies!
Your transformation is almost over.
Your ball python closely misses polve's ghost.
Your ball python bites polve's ghost but does no damage.
Your ball python bites polve's ghost but does no damage.
Your ball python closely misses polve's ghost.
Your ball python bites polve's ghost but does no damage.
There is an open door here.
Your talons disappear.
Your ball python bites polve's ghost but does no damage.
There is a stone staircase leading up here.
Polve's ghost hits you!
You die...

.#.... ...... ......
##....####### ............#
#.........# #.........#
#.)..@....#.# #....W....#.# ###
#..(.SS...#.# #>. +.........+..
#.########.....)...#.#
#.#................#.#
#.#.......##+#'#####.########
###.+.......+......SS..........
....#.......##.#.#####.########


You could see polve's ghost and 2 friendly ball pythons.

Vanquished Creatures
  An adder (D:2)
  A gnoll (D:1)
  2 oozes
  2 worms (D:2)
  2 dart slugs (D:1)
  A leopard gecko (D:1)
  An orc (D:3)
  6 bats
  3 giant cockroaches (D:2)
  5 goblins
  9 hobgoblins
  4 jackals (D:1)
  3 kobolds (D:1)
  3 frilled lizards (D:2)
  8 rats
51 creatures vanquished.

Notes
Turn   | Place    | Note
-------+----------+-------------------------------------------
     0 | D:1      | polve the Draconian Transmuter began the quest for the Orb.
     0 | D:1      | Reached XP level 1. HP: 16/16 MP: 3/3
   187 | D:1      | Reached XP level 2. HP: 13/23 MP: 3/5
   204 | D:1      | Learned a level 2 spell: Sticks to Snakes
   425 | D:1      | Reached skill level 3 in Transmutations
   498 | D:1      | Reached XP level 3. HP: 28/28 MP: 6/6
  1407 | D:1      | Reached skill level 4 in Transmutations
  2097 | D:2      | Reached XP level 4. HP: 35/35 MP: 7/7
  2153 | D:2      | Found a sacrificial altar of Ru.
  2478 | D:2      | Found a deep blue altar of Sif Muna.
  2739 | D:3      | Noticed polve's ghost (amateur OgGl)
  2769 | D:3      | Mangled by polve's ghost

Skill      XL: |  1  2  3 |
---------------+----------+-----
Transmutations | 3 4 |  4.6
Fighting       | |  1.1
Dodging        | |  1.7
Unarmed Combat | |  3.0
Spellcasting   | |  2.0

Action                   |  1- 3 |  4- 6 || total
-------------------------+-------+-------++-------
Melee: Unarmed           |   133 |    68 ||   201
       Tailslap          |     7 |     7 ||    14
       Kick              |     5 |     5 ||    10
       Headbutt          |     4 |       ||     4
       Punch             |     1 |     1 ||     2
 Cast: Beastly Appendage |     9 |     2 ||    11
       Sticks to Snakes  |       |     3 ||     3
 Stab: Sleeping          |     1 |       ||     1
  Eat: Chunk             |     4 |     2 ||     6
Armor: Skin              |    44 |    18 ||    62
Dodge: Dodged            |    86 |    40 ||   126
